[Event "*** Titled Tuesday Blitz"]
[Site "Chess.com"]
[Date "2021.04.27"]
[Round "11"]
[White "Matensien"]
[Black "anon569"]
[Result "1-0"]
[WhiteElo "2354"]
[BlackElo "2246"]
[TimeControl "180+1"]
[EndTime "11:59:02 PDT"]
[Termination "Matensien won by resignation"]

1. Nf3 Nf6 2. c4 g6 3. d4 b6 4. g3 Bb7 5. Bg2 Bg7 6. O-O d6 7. d5 Nbd7 8. Nc3 e5 9. dxe6 fxe6 10. Ng5 Bxg2 11. Nxe6 Qe7 12. Nxg7+ Qxg7 13. Kxg2 O-O 14. Bg5 Rae8 15. Bxf6 Nxf6 16. e3 Ng4 17. Qxg4 1-0

[Event "*** Titled Tuesday Blitz"]
[Site "Chess.com"]
[Date "2021.04.27"]
[Round "11"]
[White "MVM2008"]
[Black "thechesscorner64"]
[Result "0-1"]
[WhiteElo "2263"]
[BlackElo "2381"]
[TimeControl "180+1"]
[EndTime "11:59:24 PDT"]
[Termination "thechesscorner64 won by resignation"]

1. f3 d5 2. Kf2 c5 3. e3 h5 4. d4 Nc6 5. c3 e5 6. Ne2 h4 7. Nd2 Nf6 8. h3 Nh5 9. a3 Be6 10. b4 cxd4 11. cxd4 Ng3 12. Nxg3 hxg3+ 13. Kxg3 Qh4+ 14. Kh2 exd4 15. exd4 Bd6+ 0-1

[Event "*** Titled Tuesday Blitz"]
[Site "Chess.com"]
[Date "2021.04.27"]
[Round "11"]
[White "Kretov_Evgenij"]
[Black "Leo_C"]
[Result "1/2-1/2"]
[WhiteElo "2634"]
[BlackElo "2475"]
[TimeControl "180+1"]
[EndTime "11:59:25 PDT"]
[Termination "Game drawn by agreement"]

1. d4 d5 2. c4 e6 3. Nc3 c6 4. e3 Nf6 5. Nf3 Nbd7 6. Bd3 dxc4 7. Bxc4 b5 8. Be2 Bd6 9. e4 e5 10. dxe5 Nxe5 11. Nxe5 Bxe5 12. Qxd8+ Kxd8 13. Bg5 h6 14. Bh4 g5 15. O-O-O+ Kc7 16. Bg3 Bxg3 17. hxg3 b4 18. Na4 Nxe4 19. Rdf1 Be6 20. Bf3 Bd5 21. Bxe4 Bxe4 22.
f3 Bd5 23. b3 Rae8 24. Kd2 Kd6 25. Nb2 c5 26. Nd3 a5 27. Rc1 Rc8 1/2-1/2

[Event "*** Titled Tuesday Blitz"]
[Site "Chess.com"]
[Date "2021.04.27"]
[Round "11"]
[White "Sjakkerntobi"]
[Black "friesnielsen2302"]
[Result "1-0"]
[WhiteElo "2411"]
[BlackElo "2503"]
[TimeControl "180+1"]
[EndTime "11:59:25 PDT"]
[Termination "Sjakkerntobi won by resignation"]

1. e4 c6 2. Nc3 d6 3. Nf3 g6 4. d4 Bg7 5. Be2 Nf6 6. O-O O-O 7. Be3 Nbd7 8. h3 e5 9. dxe5 dxe5 10. Qd6 Re8 11.
Bc4 Bf8 12. Qd2 b5 13. Bb3 a5 14. Ng5 Re7 15. Bc5 b4 16. Na4 Ba6 17. Bxe7 Qxe7 18.
Rfd1 c5 19. Bxf7+ Kg7 20. Bd5 Nxd5 21. Qxd5 1-0

[Event "*** Titled Tuesday Blitz"]
[Site "Chess.com"]
[Date "2021.04.27"]
[Round "11"]
[White "retropwr"]
[Black "gisela_roque"]
[Result "1-0"]
[WhiteElo "2237"]
[BlackElo "1898"]
[TimeControl "180+1"]
[EndTime "11:59:41 PDT"]
[Termination "retropwr won by checkmate"]

1. e4 e6 2. d4 d5 3. Nc3 Nf6 4.
exd5 exd5 5. Bg5 Be7 6. Bd3 O-O 7. Nge2 c6 8. Qd2 Nbd7 9. O-O-O b5 10. Ng3 a5 11. Nf5 Bb4 12. f3 Nb6 13. a3 Bxc3 14. Qxc3 b4 15. Qb3 bxa3 16. Qxa3 Nc4 17. Ne7+ Kh8 18.
Bxc4 dxc4 19. Bxf6 gxf6 20. Nxc6 Qc7 21. Qxf8# 1-0

[Event "*** Titled Tuesday Blitz"]
[Site "Chess.com"]
[Date "2021.04.27"]
[Round "11"]
[White "HanSchut"]
[Black "AungTZ"]
[Result "0-1"]
[WhiteElo "2252"]
[BlackElo "2157"]
[TimeControl "180+1"]
[EndTime "11:59:44 PDT"]
[Termination "AungTZ won by resignation"]

1. e4 c5 2. Nf3 Nc6 3. d4 cxd4 4. Nxd4 Nf6 5. Nc3 d6 6. Bg5 e6 7. f3 a6 8. Qd2 h6 9. Be3 Bd7 10. O-O-O b5 11. a3 b4 12. axb4 Nxb4 13. Bc4 d5 14. exd5 Nfxd5 15. Nxd5 exd5 16. Rhe1 Be7 17. Qxb4 Bxb4 18.
Bg5+ Bxe1 19. Rxe1+ Be6 20. Bxd8 Kxd8 21. Bb3 Re8 22.
Ba4 Bd7 23. Nc6+ Kc7 0-1

[Event "*** Titled Tuesday Blitz"]
[Site "Chess.com"]
[Date "2021.04.27"]
[Round "11"]
[White "VinzentSpitzl"]
[Black "ukchessbomber"]
[Result "0-1"]
[WhiteElo "2401"]
[BlackElo "2526"]
[TimeControl "180+1"]
[EndTime "11:59:51 PDT"]
[Termination "ukchessbomber won by resignation"]

1. e4 b6 2. a4 Bb7 3. d3 e6 4. g3 d5 5. Bg2 dxe4 6. dxe4 Qxd1+ 7. Kxd1 Nd7 8. Nc3 O-O-O 9. Ke1 f5 10. Bg5 Be7 11.
Bxe7 Nxe7 12. Nge2 Nc5 13. f3 Nc6 14. exf5 Nb4 15. Rc1 exf5 16. Kf2 Rhe8 17. Rhd1 Rxd1 18. Rxd1 Nxc2 19. Nd4 Ne3 20. Re1 Nd3+ 0-1

[Event "*** Titled Tuesday Blitz"]
[Site "Chess.com"]
[Date "2021.04.27"]
[Round "11"]
[White "DeTimmerman"]
[Black "Skat2704"]
[Result "1-0"]
[WhiteElo "2802"]
[BlackElo "2687"]
[TimeControl "180+1"]
[EndTime "11:59:56 PDT"]
[Termination "DeTimmerman won by resignation"]

1. Nf3 d5 2. b4 e6 3. Bb2 Nf6 4. b5 Be7 5. a4 O-O 6. e3 c5 7. c4 b6 8. Be2 Bb7 9. O-O Nbd7 10. d4 cxd4 11. Nxd4 dxc4 12. Bxc4 Rc8 13. Be2 Nc5 14. Nd2 Nfe4 15. Nxe4 Nxe4 16. Bf3 Bf6 17. Rc1 Rxc1 18. Qxc1 Qd5 19. Rd1 Rc8 20. Nc6 Qf5 21. Bxf6 Bxc6 22. Qxc6 1-0

[Event "*** Titled Tuesday Blitz"]
[Site "Chess.com"]
[Date "2021.04.27"]
[Round "11"]
[White "FMOlexandrProhorov"]
[Black "WisdomGame"]
[Result "1/2-1/2"]
[WhiteElo "2261"]
[BlackElo "2144"]
[TimeControl "180+1"]
[EndTime "11:59:59 PDT"]
[Termination "Game drawn by agreement"]

1. e4 c5 2. Nf3 Nc6 3. Bb5 Nd4 4. Bc4 e6 5. O-O g6 6. Nc3 Bg7 7. Nxd4 cxd4 8. Ne2 Ne7 9. d3 O-O 10. f4 f5 11. e5 Nc6 12. c3 dxc3 13. bxc3 a6 14. a4 Rb8 15. Ba3 Re8 16. Rb1 1/2-1/2

[Event "*** Titled Tuesday Blitz"]
[Site "Chess.com"]
[Date "2021.04.27"]
[Round "11"]
[White "Roedor"]
[Black "kritipatel"]
[Result "1-0"]
[WhiteElo "2279"]
[BlackElo "1783"]
[TimeControl "180+1"]
[EndTime "12:00:14 PDT"]
[Termination "Roedor won by checkmate"]

1. d4 d5 2. c4 e6 3. Nf3 Nf6 4. g3 Be7 5. Bg2 O-O 6. O-O dxc4 7. Qc2 a6 8. a4 Bd7 9. Qxc4 Nc6 10. Rd1 Rb8 11. Bg5 h6 12. Bxf6 Bxf6 13. e3 b5 14.
axb5 axb5 15. Qe2 Nb4 16. Nbd2 Nd5 17. Ne4 b4 18. Rdc1 Bb5 19. Qd2 Be7 20. Nc5 c6 21.
Ne5 f6 22. Ng6 Bxc5 23. Rxc5 Qb6 24. Nxf8 Rxf8 25. Bxd5 exd5 26. Qxb4 f5 27. Rac1 Rf6 28. R5c3 g5 29. Qe7 Rg6 30. Ra3 Qb8 31. Ra7 f4 32.
Qf7+ Kh8 33. Qh7# 1-0

[Event "*** Titled Tuesday Blitz"]
[Site "Chess.com"]
[Date "2021.04.27"]
[Round "11"]
[White "LifeIsAllAboutChess23"]
[Black "Kale36"]
[Result "1-0"]
[WhiteElo "2208"]
[BlackElo "2268"]
[TimeControl "180+1"]
[EndTime "12:00:19 PDT"]
[Termination "LifeIsAllAboutChess23 won by resignation"]

1. d4 d5 2. Bg5 c5 3. dxc5 Qa5+ 4. Nc3 e6 5. e4 dxe4 6. b4 Qc7 7. Nb5 Qd7 8. Qxd7+ Kxd7 9. O-O-O+ Kc6 10. Rd8 Nd7 11. Rxc8+ Rxc8 12. Nxa7+ Kc7 13. Nxc8 Kxc8 14. Ne2 f6 15.
Be3 b6 16. c6 Ne5 17. b5 Nc4 18.
Nc3 Ba3+ 19. Kb1 Ne7 20. Bxc4 1-0

[Event "*** Titled Tuesday Blitz"]
[Site "Chess.com"]
[Date "2021.04.27"]
[Round "11"]
[White "queen_iryna"]
[Black "RafalBRC"]
[Result "1-0"]
[WhiteElo "2397"]
[BlackElo "2194"]
[TimeControl "180+1"]
[EndTime "12:00:38 PDT"]
[Termination "queen_iryna won by resignation"]

1. e4 e6 2. d4 d5 3. Nc3 Nf6 4. Bg5 Bb4 5. e5 h6 6. Bd2 Bxc3 7. bxc3 Ne4 8. Qg4 Kf8 9. h4 c5 10. Bd3 Nxd2 11. Kxd2 c4 12. Be2 b5 13. Rh3 a5 14.
Rg3 Rg8 15. Rf3 b4 16. Nh3 bxc3+ 17. Kxc3 a4 18. Kd2 c3+ 19. Ke1 Nc6 20. Nf4 g5 21. Nxe6+ Bxe6 22. Qxe6 Qc7 23. Qxh6+ Ke8 24. Bb5 1-0

[Event "*** Titled Tuesday Blitz"]
[Site "Chess.com"]
[Date "2021.04.27"]
[Round "11"]
[White "NiranjanNavalgund"]
[Black "Nuvas"]
[Result "0-1"]
[WhiteElo "2484"]
[BlackElo "2635"]
[TimeControl "180+1"]
[EndTime "12:00:39 PDT"]
[Termination "Nuvas won by resignation"]

1. e4 c5 2. d4 cxd4 3. c3 Nf6 4. e5 Nd5 5. Nf3 d6 6. cxd4 Nc6 7. Bc4 dxe5 8. Nxe5 e6 9. O-O Be7 10. Nc3 Nxe5 11. dxe5 Nxc3 12. bxc3 Qxd1 13. Rxd1 Bd7 14. Be3 Rc8 15. Bf1 Bc5 16. Bd4 Ke7 17. Rab1 b6 18. Ba6 Rc7 19. h4 Bc8 20. Be2 Bxd4 21. cxd4 Bb7 22. Rd2 Rhc8 23. Rbb2 Bd5 24. Kh2 Rc1 25.
Kg3 R8c3+ 26. f3 Ra1 27. Kf2 Ra3 28. Rdc2 Kd8 29. Bc4 Bxc4 30. Rxc4 R1xa2 31. Rxa2 Rxa2+ 32. Kg3 a5 33. Rc6 Rb2 34. Rc4 Rb4 35. Rc6 a4 36.
Kf2 a3 37. Rc3 Ra4 38. Rc2 a2 0-1

[Event "*** Titled Tuesday Blitz"]
[Site "Chess.com"]
[Date "2021.04.27"]
[Round "11"]
[White "SilviusTiberius"]
[Black "nrvignesh"]
[Result "1-0"]
[WhiteElo "2642"]
[BlackElo "2764"]
[TimeControl "180+1"]
[EndTime "12:00:45 PDT"]
[Termination "SilviusTiberius won by resignation"]

1. e4 g6 2. d4 Bg7 3. Nc3 d6 4. Be3 a6 5. g4 b5 6. Bg2 Bb7 7. h4 h5 8. gxh5 Rxh5 9. Bf3 Nf6 10. e5 Bxf3 11. Qxf3 Nbd7 12. exf6 Nxf6 13. Nge2 Kf8 14. Ng3 Rh7 15. h5 gxh5 16. Nxh5 Nxh5 17. Rxh5 1-0

[Event "*** Titled Tuesday Blitz"]
[Site "Chess.com"]
[Date "2021.04.27"]
[Round "11"]
[White "chessdiamant"]
[Black "salomez"]
[Result "1-0"]
[WhiteElo "2294"]
[BlackElo "2141"]
[TimeControl "180+1"]
[EndTime "12:00:53 PDT"]
[Termination "chessdiamant won by resignation"]

1. e4 c5 2. Nf3 e6 3. d4 cxd4 4. Nxd4 Nf6 5. Nc3 Nc6 6. Nxc6 bxc6 7. e5 Nd5 8. Ne4 Qc7 9. f4 Qb6 10. c4 Bb4+ 11. Ke2 Ba6 12. Kf3 f5 13. exf6 Nxf6 14. Nxf6+ gxf6 15. Bd3 c5 16. Be3 Bb7+ 17. Kf2 Qc6 18. Rg1 O-O-O 19. a3 Ba5 20. b4 cxb4 21. axb4 Bxb4 22. Qe2 Rhg8 23. g3 Bc5 24. Ra5 Bxe3+ 25. Qxe3 a6 26. Rc5 1-0

[Event "*** Titled Tuesday Blitz"]
[Site "Chess.com"]
[Date "2021.04.27"]
[Round "11"]
[White "chessdjw"]
[Black "AlexSuv"]
[Result "1-0"]
[WhiteElo "2735"]
[BlackElo "2578"]
[TimeControl "180+1"]
[EndTime "12:01:06 PDT"]
[Termination "chessdjw won by resignation"]

1. e4 c5 2. Nf3 e6 3. d4 cxd4 4. Nxd4 Nc6 5. Nc3 Qc7 6. Be2 a6 7. O-O Nf6 8. Be3 Bb4 9. Nxc6 bxc6 10. f4 d5 11. e5 Nd7 12. Na4 a5 13. c4 Ba6 14. c5 Bb5 15. Rc1 Qa7 16. a3 Bxa4 17. Qxa4 Bxc5 18. Rxc5 Nxc5 19. Qxc6+ Kd8 20. Bxc5 Qd7 21.
Qxa8+ 1-0

[Event "*** Titled Tuesday Blitz"]
[Site "Chess.com"]
[Date "2021.04.27"]
[Round "11"]
[White "Anton_Demchenko"]
[Black "jefferyx"]
[Result "1/2-1/2"]
[WhiteElo "2938"]
[BlackElo "3011"]
[TimeControl "180+1"]
[EndTime "12:01:09 PDT"]
[Termination "Game drawn by agreement"]

1. e4 e5 2. Nf3 Nc6 3. Bc4 Bc5 4.
d3 Nf6 5. Bg5 h6 6. Bh4 Be7 7.
Bg3 d6 8. a4 a6 9. h3 O-O 10.
Nc3 Be6 11. Bxe6 fxe6 12. O-O Qe8 13. d4 exd4 14. Nxd4 Nxd4 15. Qxd4 Nh5 16. Bh2 Bf6 17. Qc4 Qf7 18. Rae1 Bxc3 19. Qxc3 e5 20. a5 Rae8 21. b4 Re6 22. Kh1 g5 23. f3 Nf4 24. Qb3 Rf6 25. Qxf7+ R8xf7 26. Bxf4 Rxf4 27. c4 h5 28. Kg1 1/2-1/2

[Event "*** Titled Tuesday Blitz"]
[Site "Chess.com"]
[Date "2021.04.27"]
[Round "11"]
[White "KyrgyzFighter"]
[Black "serhanberat_ozdemir"]
[Result "1-0"]
[WhiteElo "2475"]
[BlackElo "2569"]
[TimeControl "180+1"]
[EndTime "12:01:36 PDT"]
[Termination "KyrgyzFighter won by resignation"]

1. c4 Nf6 2. Nc3 g6 3. e4 d6 4. d4 Bg7 5. f3 O-O 6. Be3 c5 7.
d5 e6 8. Nge2 exd5 9. cxd5 Nbd7 10. Ng3 Re8 11. Be2 Ne5 12. O-O a6 13. a4 Rb8 14. h3 Qc7 15. Qd2 h5 16. Rac1 h4 17. Nh1 b6 18. Nf2 Bb7 19. Bg5 Kh7 20. Bxh4 Nh5 21. f4 Bh6 22. Bxh5 gxh5 23. Qe2 Bxf4 24.
Qxh5+ Kg7 25. Ng4 Rh8 26. Bf6+ 1-0

[Event "*** Titled Tuesday Blitz"]
[Site "Chess.com"]
[Date "2021.04.27"]
[Round "11"]
[White "RiskyDecision"]
[Black "PavelShkapenko"]
[Result "1-0"]
[WhiteElo "2553"]
[BlackElo "2651"]
[TimeControl "180+1"]
[EndTime "12:01:37 PDT"]
[Termination "RiskyDecision won by resignation"]

1. d4 Nf6 2. c4 e6 3. g3 Bb4+ 4.
Bd2 Qe7 5. Nf3 Nc6 6. Nc3 Bxc3 7.
Bxc3 Ne4 8. Rc1 O-O 9. Bg2 d6 10. d5 Nd8 11. O-O e5 12. Be1 f5 13. b4 Nf7 14. c5 Nf6 15. cxd6 cxd6 16. b5 b6 17.
Bb4 Bb7 18. Rc6 Bxc6 19. dxc6 a5 20. Ba3 Qe6 21. Qc2 Ne4 22. Rd1 Nc5 23. Ng5 Qe7 24.
Nxf7 Rxf7 25. Bxc5 bxc5 26. Bd5 e4 27. b6 1-0

[Event "*** Titled Tuesday Blitz"]
[Site "Chess.com"]
[Date "2021.04.27"]
[Round "11"]
[White "Bad_left_hook"]
[Black "ljuks68"]
[Result "1-0"]
[WhiteElo "2573"]
[BlackElo "2444"]
[TimeControl "180+1"]
[EndTime "12:01:48 PDT"]
[Termination "Bad_left_hook won by resignation"]

1. d4 d5 2. c4 c6 3. Nf3 Nf6 4. Nc3 dxc4 5. a4 Bf5 6. Ne5 Na6 7. f3 Nd7 8. Nxc4 e5 9. e4 exd4 10. Ne2 Bb4+ 11. Bd2 d3 12. Bxb4 dxe2 13. Nd6+ Kf8 14. Nxf5+ Nxb4 15. Qd6+ Kg8 16. Ne7+ Kf8 17. Nxc6+ 1-0

[Event "*** Titled Tuesday Blitz"]
[Site "Chess.com"]
[Date "2021.04.27"]
[Round "11"]
[White "shreyansshah123"]
[Black "akanga001"]
[Result "0-1"]
[WhiteElo "1693"]
[BlackElo "1973"]
[TimeControl "180+1"]
[EndTime "12:01:56 PDT"]
[Termination "akanga001 won by checkmate"]

1. d4 Nf6 2. Nf3 d5 3. Bf4 Bg4 4. e3 e6 5. h3 Bh5 6. Bd3 Bd6 7.
Bxd6 Qxd6 8. Nbd2 Nbd7 9. c3 c6 10. Qc2 O-O 11. O-O e5 12. dxe5 Nxe5 13. Nxe5 Qxe5 14.
e4 a5 15. exd5 Qxd5 16. Ne4 Nd7 17. c4 Qe5 18. f4 Qd4+ 19. Kh1 f5 20. Ng3 Bg6 21.
Bxf5 Bxf5 22. Nxf5 Qc5 23. Ng3 Nb6 24. b3 a4 25.
Rad1 axb3 26. axb3 Ra3 27. Ne4 Qb4 28. Rb1 Rfa8 29.
Nf2 Ra2 30. Qd3 Qc5 31. Ne4 Qf5 32. Nf2 Qxf4 33. Ng4 Qg5 34. c5 Nd5 35. b4 h5 36.
Nh2 Qxg2# 0-1

[Event "*** Titled Tuesday Blitz"]
[Site "Chess.com"]
[Date "2021.04.27"]
[Round "11"]
[White "Marty435"]
[Black "IANOV0007"]
[Result "1-0"]
[WhiteElo "2613"]
[BlackElo "2479"]
[TimeControl "180+1"]
[EndTime "12:01:58 PDT"]
[Termination "Marty435 won by resignation"]

1. e4 d6 2. d4 Nf6 3. Nc3 c6 4. f4 Qb6 5. Be2 e5 6. fxe5 dxe5 7. dxe5 Nfd7 8. Nf3 Na6 9. a3 Nac5 10. b4 Ne6 11. Qd3 Be7 12. Rf1 O-O 13. Qe3 Qc7 14. Bb2 Nxe5 15. Nxe5 Qxe5 16. Nd5 Qxb2 17. Nxe7+ Kh8 18.
Rd1 Qe5 19. Rf5 Qd6 20. Rxd6 a5 21. Rh5 h6 22. Rxh6+ 1-0

[Event "*** Titled Tuesday Blitz"]
[Site "Chess.com"]
[Date "2021.04.27"]
[Round "11"]
[White "AsaHoffmann"]
[Black "andrewtnb"]
[Result "1-0"]
[WhiteElo "2372"]
[BlackElo "2253"]
[TimeControl "180+1"]
[EndTime "12:02:03 PDT"]
[Termination "AsaHoffmann won on time"]

1. d4 c6 2. Bg5 d5 3. e3 Qb6 4. b3 a5 5. Bd3 a4 6. Nd2 h6 7.
Bh4 g5 8. Bg3 Bg7 9. Ngf3 Bg4 10. h3 Bh5 11. O-O Nd7 12. c4 e6 13. c5 Qa5 14. Rb1 axb3 15. axb3 Qb4 16. Ra1 Rxa1 17. Qxa1 Bxf3 18. Nxf3 f5 19. Rb1 Ngf6 20.
Bc7 b6 21. cxb6 Nxb6 22. Ne5 Nfd7 23. Nxc6 Qd2 24. Rd1 1-0

[Event "*** Titled Tuesday Blitz"]
[Site "Chess.com"]
[Date "2021.04.27"]
[Round "11"]
[White "ADODOVE"]
[Black "DarZay"]
[Result "0-1"]
[WhiteElo "1971"]
[BlackElo "2158"]
[TimeControl "180+1"]
[EndTime "12:02:04 PDT"]
[Termination "DarZay won on time"]

1. e4 e5 2. Nf3 Nc6 3. d4 exd4 4.
Bc4 Nf6 5. O-O d5 6. exd5 Nxd5 7. Re1+ Be6 8. Nxd4 Nxd4 9. Qxd4 Be7 10. Qxg7 Bf6 11. Qh6 Rg8 12. Qxh7 Rh8 13. Rxe6+ fxe6 14. Qg6+ Ke7 15. Nc3 Nxc3 16. Bg5 Qf8 17. Bxf6+ Qxf6 18. Qxf6+ Kxf6 19. bxc3 Rad8 0-1

[Event "*** Titled Tuesday Blitz"]
[Site "Chess.com"]
[Date "2021.04.27"]
[Round "11"]
[White "riospm"]
[Black "harlem4brew"]
[Result "1-0"]
[WhiteElo "2540"]
[BlackElo "2407"]
[TimeControl "180+1"]
[EndTime "12:02:09 PDT"]
[Termination "riospm won by resignation"]

1. e4 c5 2. Nf3 d6 3. d4 cxd4 4. Nxd4 Nf6 5. Nc3 g6 6. Be3 Bg7 7. f3 O-O 8. Qd2 Nc6 9. Bc4 Bd7 10. O-O-O Rc8 11. Bb3 Ne5 12. Kb1 Nc4 13. Bxc4 Rxc4 14. g4 Qc7 15. h4 Rc8 16. h5 Rxc3 17. bxc3 Qxc3 18. Qxc3 Rxc3 19. Rd3 Rc8 20. hxg6 fxg6 21. Nb3 Bb5 22. Rd2 a6 23. Bd4 Nd7 24. Bxg7 Kxg7 25.
Nd4 Bc4 26. Rdh2 Bg8 27. g5 Ne5 28. f4 Ng4 29. Rd2 Rc4 30. Rg1 Ne3 31. Rd3 Rb4+ 32. Ka1 Rxd4 33. Rxe3 Ra4 34. a3 b5 35. Kb2 Rc4 36. c3 a5 37. Rd1 Bf7 38. Rd4 Rc5 39. e5 dxe5 40. Rxe5 Be6 41. Rxc5 1-0

[Event "*** Titled Tuesday Blitz"]
[Site "Chess.com"]
[Date "2021.04.27"]
[Round "11"]
[White "Aslanov_Umid"]
[Black "VladimirBugayev"]
[Result "1-0"]
[WhiteElo "2425"]
[BlackElo "2257"]
[TimeControl "180+1"]
[EndTime "12:02:10 PDT"]
[Termination "Aslanov_Umid won by resignation"]

1. e4 c6 2. d4 d5 3. exd5 cxd5 4. Nf3 Nf6 5. c3 g6 6. Bd3 Bg7 7. Bg5 O-O 8. Qd2 Ne4 9. Bxe4 dxe4 10. Ng1 Qa5 11.
Bxe7 Re8 12. Bg5 Nc6 13. h4 Bf5 14. h5 Rac8 15. hxg6 fxg6 16. Bh6 Bh8 17. Ne2 Red8 18.
Bg5 Rd7 19. Qf4 Nxd4 20. Nxd4 Bxd4 21. Nd2 e3 22. fxe3 Bxc3 23. bxc3 Qxc3 24. Rd1 Rd3 25.
e4 Rc4 26. O-O Qd4+ 27. Rf2 Rc2 28. exf5 Rcxd2 29. Rxd2 Rxd2 30. Qxd2 Qa1+ 31. Kh2 Qe5+ 32. Qf4 1-0

[Event "*** Titled Tuesday Blitz"]
[Site "Chess.com"]
[Date "2021.04.27"]
[Round "11"]
[White "MarkoPe"]
[Black "canary2016"]
[Result "1-0"]
[WhiteElo "2233"]
[BlackElo "1994"]
[TimeControl "180+1"]
[EndTime "12:02:14 PDT"]
[Termination "MarkoPe won by checkmate"]

1. e4 c6 2. d4 d5 3. e5 Bf5 4. h4 h5 5. c4 e6 6. Nc3 Ne7 7. Nf3 dxc4 8. Bxc4 Nd5 9. Bg5 Be7 10. Qd2 O-O 11.
O-O Nd7 12. Rac1 N7b6 13. Bd3 Bg4 14. Be2 Rc8 15. Ne4 Qc7 16. Bxe7 Qxe7 17. Nd6 Rcd8 18. Ng5 Nc8 19. Bxg4 hxg4 20. Nde4 f6 21. exf6 gxf6 22. Rfe1 fxg5 23. Nxg5 Rf6 24. Qd3 Re8 25. Qe4 Rf4 26.
Qg6+ Kh8 27. Rxe6 Rf6 28. Qxe8+ Qxe8 29. Rxe8+ Kg7 30. Rxc8 Nf4 31. Re1 Nd3 32. Re7+ Kg6 33. Rg8+ Kf5 34. Rxb7 Nc1 35. Rxa7 Ne2+ 36. Kf1 Nxd4 37.
Ra5+ Kf4 38. g3# 1-0

[Event "*** Titled Tuesday Blitz"]
[Site "Chess.com"]
[Date "2021.04.27"]
[Round "11"]
[White "pastouche06"]
[Black "nrvisakh"]
[Result "0-1"]
[WhiteElo "2569"]
[BlackElo "2796"]
[TimeControl "180+1"]
[EndTime "12:02:19 PDT"]
[Termination "nrvisakh won by resignation"]

1. d4 Nf6 2. c4 e6 3. Nc3 d5 4. cxd5 Nxd5 5. e4 Nxc3 6. bxc3 c5 7. a3 cxd4 8. cxd4 Be7 9. Nf3 O-O 10. Bc4 b6 11.
O-O Bb7 12. Qe2 Nd7 13. Bb2 Rc8 14. Bd3 Qc7 15. Qe3 Rfd8 16. Rad1 Qb8 17. g4 Nf8 18. Ne5 f6 19. Nf3 Ng6 20. e5 Bd5 21. exf6 Bxf6 22.
Bxg6 hxg6 23. Ne5 Rc2 24. Rd2 Rxd2 25. Qxd2 Bxe5 26. dxe5 Bc4 27. Qg5 Bxf1 28. Kxf1 Rd1+ 29. Kg2 Qa8+ 30. f3 Rd3 31. Qf4 Qf8 0-1

[Event "*** Titled Tuesday Blitz"]
[Site "Chess.com"]
[Date "2021.04.27"]
[Round "11"]
[White "szefru"]
[Black "ChronicUnhappiness"]
[Result "0-1"]
[WhiteElo "2185"]
[BlackElo "2317"]
[TimeControl "180+1"]
[EndTime "12:02:20 PDT"]
[Termination "ChronicUnhappiness won by resignation"]

1. e4 c5 2. Nf3 Nc6 3. Bb5 g6 4.
O-O Bg7 5. Nc3 Nf6 6. h3 d6 7. e5 dxe5 8. Nxe5 Qb6 9. Bxc6+ bxc6 10. d3 O-O 11. Nc4 Qc7 12. Be3 Nd5 13. Bxc5 Nxc3 14. bxc3 Bxc3 15. Rb1 Be6 16. Ne3 Bxa2 17. Ra1 Be6 18.
f4 a5 19. f5 Qe5 20. fxe6 Qxc5 21. exf7+ Rxf7 22. Rxf7 Qxe3+ 23. Rf2 Rf8 24. Qf1 Rxf2 25.
Qxf2 Qxf2+ 26. Kxf2 Bxa1 0-1

[Event "*** Titled Tuesday Blitz"]
[Site "Chess.com"]
[Date "2021.04.27"]
[Round "11"]
[White "Andrii_Prydun"]
[Black "DonBroca"]
[Result "0-1"]
[WhiteElo "2330"]
[BlackElo "2240"]
[TimeControl "180+1"]
[EndTime "12:02:21 PDT"]
[Termination "DonBroca won by resignation"]

1. d4 Nf6 2. Nc3 g6 3. Bf4 Bg7 4. e3 d6 5. h4 h5 6. Nf3 Nbd7 7. Ng5 O-O 8. Bd3 e5 9. dxe5 Nxe5 10. Bxe5 dxe5 11. Bc4 Bd7 12. Qd3 e4 13. Ncxe4 Nxe4 14. Qxe4 Bf5 15. Qxb7 Rb8 16. Qd5 Qxd5 17. Bxd5 Bxb2 18.
O-O Bxa1 19. Rxa1 Bxc2 20. Rc1 Rb1 21. Rxb1 Bxb1 22. e4 Bd3 23. e5 Bf5 24. Kf1 Kg7 25.
Ke1 Re8 26. Nxf7 Be6 27. Bxe6 Rxe6 28. Ng5 Rxe5+ 29. Kd1 Kf6 30. a3 Rxg5 31. hxg5+ Kxg5 32. Kc2 Kf4 33. Kd3 g5 34. a4 h4 35. a5 g4 0-1

[Event "*** Titled Tuesday Blitz"]
[Site "Chess.com"]
[Date "2021.04.27"]
[Round "11"]
[White "juancruzarias"]
[Black "Rsnr"]
[Result "0-1"]
[WhiteElo "2610"]
[BlackElo "2766"]
[TimeControl "180+1"]
[EndTime "12:02:24 PDT"]
[Termination "Rsnr won by checkmate"]

1. d4 d5 2. Nf3 Nf6 3. e3 c6 4. Nbd2 Bg4 5. h3 Bh5 6. g4 Bg6 7. Ne5 Nbd7 8. h4 h6 9. Nxg6 fxg6 10. Bd3 Kf7 11. h5 g5 12. Bg6+ Kg8 13. b3 e5 14. Bb2 Bd6 15. Qf3 Qe7 16. O-O-O Rf8 17. Qg2 a5 18. Kb1 a4 19. Rhe1 a3 20.
Ba1 e4 21. f3 exf3 22. Nxf3 Ne4 23. Bf5 Ng3 24. Bd3 Nf6 25. Ne5 Bxe5 26. dxe5 Nfe4 27.
Rf1 Qb4 28. Rxf8+ Kxf8 29. Bxe4 Nxe4 30. Kc1 Ke7 31. Rf1 Rf8 32. Rxf8 Qe1# 0-1

[Event "*** Titled Tuesday Blitz"]
[Site "Chess.com"]
[Date "2021.04.27"]
[Round "11"]
[White "NoboaKevin1999"]
[Black "topin8"]
[Result "1-0"]
[WhiteElo "2456"]
[BlackElo "2302"]
[TimeControl "180+1"]
[EndTime "12:02:24 PDT"]
[Termination "NoboaKevin1999 won on time"]

1. d4 Nf6 2. c4 e6 3. Nc3 d5 4. cxd5 exd5 5. Bg5 c6 6. e3 Bd6 7.
Bd3 O-O 8. Nf3 Nbd7 9. Qc2 h6 10. Bh4 Re8 11. Bg3 Qe7 12. O-O Nf8 13. Rad1 Bg4 14.
Be2 Bxg3 15. hxg3 Ng6 16. Rfe1 Rac8 17. a3 Qe6 18. Bd3 Ne4 19. Rc1 Bxf3 20. gxf3 Ng5 21. Qd1 Qf6 22. f4 Nh3+ 23. Kf1 Ngxf4 24. exf4 Nxf4 25. Qf3 1-0

[Event "*** Titled Tuesday Blitz"]
[Site "Chess.com"]
[Date "2021.04.27"]
[Round "11"]
[White "MuhittinBuker"]
[Black "LileKoridze"]
[Result "1-0"]
[WhiteElo "2230"]
[BlackElo "2394"]
[TimeControl "180+1"]
[EndTime "12:02:28 PDT"]
[Termination "MuhittinBuker won by resignation"]

1. d4 Nf6 2. c4 e6 3. Nf3 d5 4.
Nc3 Bb4 5. Bg5 O-O 6. e3 c6 7. Bd3 Nbd7 8. O-O Be7 9. Qc2 h6 10. Bxf6 Nxf6 11. b3 b6 12. Rfd1 Bb7 13. e4 dxe4 14.
Nxe4 Rc8 15. Nxf6+ Bxf6 16. Be4 Qc7 17. Rac1 Rfd8 18.
c5 bxc5 19. dxc5 Qf4 20. g3 Qc7 21. Kg2 Qa5 22. h4 Be7 23. Rxd8+ Rxd8 24. Bh7+ Kh8 25. Be4 f5 26. Bd3 Rd5 27. b4 Qxb4 28. Rb1 Qa3 29.
Rxb7 Rxd3 30. Ne5 Rc3 31. Qd2 Bf6 32. Ng6+ Kh7 33. h5 Qxc5 34. Rb8 1-0

[Event "*** Titled Tuesday Blitz"]
[Site "Chess.com"]
[Date "2021.04.27"]
[Round "11"]
[White "K_A_S_T_O_R"]
[Black "ckgchess"]
[Result "1-0"]
[WhiteElo "2795"]
[BlackElo "2685"]
[TimeControl "180+1"]
[EndTime "12:02:34 PDT"]
[Termination "K_A_S_T_O_R won by resignation"]

1. e4 c5 2. Nf3 d6 3. d4 cxd4 4. Nxd4 Nf6 5. Nc3 g6 6. Be3 Bg7 7. f3 a6 8. g4 b5 9. Qd2 Bb7 10. a3 Nc6 11. h4 h5 12. g5 Nd7 13. O-O-O Rc8 14. Kb1 O-O 15. Bh3 Nce5 16. Qe1 Qc7 17. Bc1 Rfd8 18. Rh2 Nc4 19. Nd5 Bxd5 20. exd5 Qc5 21. Nc6 Rxc6 22. dxc6 Qxc6 23. Qxe7 Nxa3+ 24. Ka2 Rc8 25. Qxd7 Qc4+ 26. b3 Qxc2+ 27. Rxc2 Rxc2+ 28. Kxa3 Bc3 29. b4 1-0